 Dungeon Crawl Stone Soup version 0.17-a0-725-gfa8c127 (webtiles) character file.

2681 FedoraBrony69 the Thaumaturge (level 9, -11/45 HPs)
             Began as a Deep Elf Conjurer on Apr 20, 2015.
             Was a Follower of Vehumet.
             Shot with a bolt by an orc warrior (19 damage)
             ... in a bailey.
             The game lasted 00:20:04 (7012 turns).

FedoraBrony69 the Thaumaturge (Deep Elf Conjurer)   Turns: 7012, Time: 00:20:04

Health: -11/45     AC:  9    Str:  5    XL:     9   Next: 37%
Magic:  33/33      EV: 13    Int: 24    God:    Vehumet [*.....]
Gold:   303        SH:  6    Dex: 15    Spells: 3 memorised, 16 levels left

rFire  . . .     SeeInvis +     q - +4 dagger (speed)
rCold  . . .     Clarity  .     a - +0 robe
rNeg   . . .     SustAb   .     G - +1 buckler "Babluw" {rPois MR- Slay+2 SInv}
rPois  +         Gourm    .     M - +0 helmet
rElec  .         Spirit   .     (no cloak)
rCorr  .         Warding  .     m - +0 pair of gloves
rMut   .         Stasis   .     o - +0 pair of boots
MR     .....                    H - amulet of regeneration
Stlth  ++........               s - +4 ring of protection
                                u - ring of magical power

@: not resistant to hostile enchantments, unstealthy
A: no striking features
a: Renounce Religion


You were in a bailey.
You worshipped Vehumet.
Vehumet was aware of your devotion.
You were hungry.

You visited 2 branches of the dungeon, and saw 8 of its levels.
You also visited: Bailey.

You collected 303 gold pieces.

Inventory:

Hand weapons
 q - a +4 dagger of speed (weapon)
Armour
 a - a +0 robe (worn)
 m - a +0 pair of gloves (worn)
 o - a +0 pair of boots (worn)
 y - a +0 buckler
 G - the +1 buckler "Babluw" (worn) {rPois MR- Slay+2 SInv}
   (You found it on level 6 of the Dungeon)

   It affects your accuracy and damage with ranged weapons and melee attacks
   (+2).
   It protects you from poison.
   It affects your resistance to hostile enchantments.
   It enhances your eyesight.
 J - a +3 leather armour
 M - a +0 helmet (worn)
Jewellery
 g - an uncursed ring of poison resistance
 s - a +4 ring of protection (right hand)
 u - a ring of magical power (left hand)
 x - a +2 ring of evasion
 F - a +2 ring of slaying
 H - an amulet of regeneration (around neck)
Magical devices
 z - a wand of slowing (21)
 D - a wand of random effects (22)
 K - a wand of lightning (8)
 N - a wand of slowing (30)
Scrolls
 d - 4 scrolls of remove curse
 e - a scroll of magic mapping {unknown}
 i - 3 scrolls of teleportation {unknown}
 n - a scroll of enchant armour {unknown}
 p - 3 scrolls of enchant weapon {unknown}
 r - 2 scrolls of identify {unknown}
 v - a scroll of fog {unknown}
 E - a scroll of amnesia {unknown}
Potions
 f - a potion of magic
 h - 4 potions of heal wounds {unknown}
 k - 2 potions of brilliance {unknown}
 l - 3 potions of haste {unknown}
 t - 5 potions of curing {unknown}
 w - a potion of flight {unknown}
 A - a potion of restore abilities {unknown}
Books
 c - a book of Conjurations

   Spells                             Type                      Level
   a - Magic Dart                     Conjuration                  1
   b - Searing Ray                    Conjuration                  2
   c - Dazzling Spray                 Conjuration/Hexes            3
   d - Fulminant Prism                Conjuration/Hexes            4
   e - Iskenderun's Mystic Blast      Conjuration                  4
   f - Iskenderun's Battlesphere      Conjuration/Charms           5
 L - a book of Transfigurations

   Spells                             Type                      Level
   a - Stoneskin                      Transmutation/Earth          2
   b - Irradiate                      Conjuration/Transmutation    5
   c - Statue Form                    Transmutation/Earth          6
   d - Hydra Form                     Transmutation                6
   e - Dragon Form                    Transmutation                7
Comestibles
 b - 5 bread rations
 j - a beef jerky
 B - a meat ration
 C - 4 fruits
 I - a slice of pizza
 O - 6 chunks of flesh


   Skills:
 + Level 0.1 Fighting
 + Level 2.5 Dodging
 - Level 2.4 Stealth
 - Level 5.0 Shields
 * Level 9.4 Spellcasting
 * Level 8.7 Conjurations
 - Level 8.0 Charms


You had 16 spell levels left.
You knew the following spells:

 Your Spells              Type           Power        Failure   Level  Hunger
a - Magic Dart            Conj           ####         1%          1    None
b - Iskenderun's Battles  Conj/Chrm      ######..     6%          5    ####...
c - Iskenderun's Mystic   Conj           ######..     1%          4    ##.....


Dungeon Overview and Level Annotations

Branches:
Dungeon (7/15)             Temple (1/1) D:5

Altars:
Ashenzari
Cheibriados
Dithmenos
Elyvilon
Fedhas
Gozag
Kikubaaqudgha
Makhleb
Okawaru
Qazlal
Ru
Sif Muna
Trog
Vehumet
Yredelemnul
Zin
The Shining One

Shops:
D:6 %   D:7 [


Message History

Casting: Iskenderun's Mystic Blast
Confirm with . or Enter, or press ? or * to list all spells.
Aiming: Iskenderun's Mystic Blast
Press: ? - help, Shift-Dir - straight line, f/p - orc warrior
Aim: an orc warrior, wielding an arbalest and wearing a scale mail The orb of energy misses the orc warrior.
The orc warrior shoots a bolt.
You block the bolt.
Casting: Iskenderun's Mystic Blast
Confirm with . or Enter, or press ? or * to list all spells.
Aiming: Iskenderun's Mystic Blast
Press: ? - help, Shift-Dir - straight line, f/p - orc warrior
Aim: an orc warrior, wielding an arbalest and wearing a scale mail The orb of energy hits the orc warrior.
The orc warrior is lightly wounded.
The orb of energy explodes!
The orc warrior shoots a bolt.
The bolt hits you!
* * * LOW HITPOINT WARNING * * *
Drink which item? (? for menu, Esc to quit)
It was a potion of magic.
Magic courses through your body.
The orc warrior shoots a bolt.
The bolt hits you!!
You die...

##############
#∩..@.........
#.∩..(.........
#....((........
#..............
#.............
#.............
#......≈≈≈≈≈≈≈
#......≈≈#)#≈
#....o.≈##.#


You could see an orc warrior.

Vanquished Creatures
  Prince Ribbit (D:6)
  Eustachio (D:6)
  4 orc warriors
  2 black bears (D:6)
  A water moccasin (D:5)
  6 ogres
  3 centaurs
  3 phantoms
  2 giant frogs (D:6)
  3 orc wizards
  A crimson imp (D:5)
  Ijyb (D:2)
  4 hounds
  A centaur skeleton (D:5)
  2 iguanas
  2 worker ants
  A worker ant zombie (D:6)
  5 adders
  A gnoll (D:3)
  A shadow imp (D:5)
  An adder skeleton (D:5)
  2 worms
  4 giant geckos
  20 orcs
  11 bats
  A bat zombie (D:2)
  15 hobgoblins
  4 quokkas
  A ball python (D:1)
  4 giant cockroaches
  3 giant newts
  17 goblins
  A jackal skeleton (D:6)
  17 kobolds
  A quokka skeleton (D:4)
  11 rats
  A rat zombie (D:2)
  A spectral orc (D:6)
160 creatures vanquished.

Notes
Turn   | Place    | Note
--------------------------------------------------------------
     0 | D:1      | FedoraBrony69, the Deep Elf Conjurer, began the quest for the Orb.
     0 | D:1      | Reached XP level 1. HP: 10/10 MP: 6/6
   244 | D:1      | Reached XP level 2. HP: 15/15 MP: 1/8
   827 | D:2      | Reached XP level 3. HP: 19/19 MP: 4/10
   896 | D:2      | Reached skill level 5 in Conjurations
  1184 | D:2      | Found an iron altar of Okawaru.
  1346 | D:2      | Found an ancient bone altar of Kikubaaqudgha.
  1480 | D:2      | Noticed Ijyb
  1487 | D:2      | Killed Ijyb
  1487 | D:2      | Reached XP level 4. HP: 24/24 MP: 4/12
  1493 | D:2      | Learned a level 4 spell: Iskenderun's Mystic Blast
  1907 | D:3      | Reached skill level 5 in Spellcasting
  2093 | D:3      | Reached XP level 5. HP: 24/28 MP: 10/14
  2103 | D:3      | Learned a level 5 spell: Iskenderun's Battlesphere
  2240 | D:3      | Reached skill level 6 in Conjurations
  2698 | D:4      | Noticed an ogre
  2701 | D:4      | Killed an ogre
  2701 | D:4      | Reached XP level 6. HP: 32/32 MP: 6/17
  2837 | D:4      | Noticed an ogre
  2849 | D:4      | Killed an ogre
  3022 | D:4      | Noticed an orc warrior
  3513 | D:4      | Reached XP level 7. HP: 36/36 MP: 2/18
  3704 | D:4      | Killed an orc warrior
  3704 | D:4      | Reached skill level 5 in Charms
  3967 | D:5      | Entered Level 5 of the Dungeon
  3971 | D:5      | Reached skill level 7 in Conjurations
  4462 | D:5      | Reached skill level 1 in Shields
  4649 | D:5      | Found a staircase to the Ecumenical Temple.
  4661 | Temple   | Entered the Ecumenical Temple
  4693 | Temple   | Became a worshipper of Vehumet
  5020 | D:5      | Reached XP level 8. HP: 26/41 MP: 2/21
  5407 | D:6      | Found Xiph's Food Shoppe.
  5420 | D:6      | Noticed Prince Ribbit
  5550 | D:6      | Killed Prince Ribbit
  5550 | D:6      | Reached skill level 8 in Spellcasting
  5675 | D:6      | Got a bloodstained buckler
  5681 | D:6      | Identified the +1 buckler "Babluw" {rPois MR- Slay+2 SInv} (You found it on level 6 of the Dungeon)
  5763 | D:6      | Noticed Eustachio
  5795 | D:6      | Killed Eustachio
  5920 | D:6      | Found a burning altar of Makhleb.
  6100 | D:6      | Reached XP level 9. HP: 45/45 MP: 18/23
  6394 | D:6      | Reached skill level 9 in Spellcasting
  6531 | D:6      | Acquired Vehumet's first power
  6531 | D:6      | Offered knowledge of Sandblast by Vehumet.
  6605 | D:6      | Found a basalt altar of Yredelemnul.
  6809 | D:7      | Found Kusmoen's Antique Armour Boutique.
  6927 | D:7      | Reached skill level 5 in Shields
  6971 | D:7      | Found a flagged portal.
  6977 | Bailey   | Entered a bailey
  7012 | Bailey   | Shot with a bolt by an orc warrior

Action                   |  1- 3 |  4- 6 |  7- 9 || total
-------------------------+-------+-------+-------++-------
Melee: Unarmed           |     5 |       |       ||     5
       Dagger            |       |     3 |    16 ||    19
 Cast: Magic Dart        |    93 |    60 |    89 ||   242
       Iskenderun's Myst |       |    19 |    58 ||    77
       Iskenderun's Batt |       |       |    13 ||    13
  Use: Scroll            |       |       |     1 ||     1
       Potion            |       |       |     1 ||     1
  Eat: Chunk             |     1 |     8 |    17 ||    26
       Beef jerky        |       |       |     1 ||     1
